AoeStats
← Clueless Clown

Lombardia

509208852Analyzed
4v4 RM · 5d ago on Sep 25, 2026· 80m 8s· 8 players
Game mode
Random Map
Map size
Large (8 player)
Population
200
Speed
Normal
Resources
Standard
Victory
Conquest
Starting age
Dark Age
Ending age
Imperial Age
RankedLock teamsTeams togetherTeam positionsShared explorationLock speedFull tech treeHidden civsTurbo modeCheats
Victory
Defeat
🇮🇳 Poles · India
1105
+13
🇺🇸 Saxons · United States
1031
+16
🇸🇪 Mongols · Sweden
998
+18
🇷🇴 Slavs · Romania
987
+18
🇨🇴 Jurchens · Colombia
1129
-20
🇨🇦 Britons · Canada
1050
-17
🇪🇸 Byzantines · Spain
1000
-15
🇪🇸 Franks · Spain
957
-13
Elamb
5:18 Loom
9:54 Feudal Age
10:29 Double-Bit Axe
10:56 Horse Collar
20:04 Castle Age
18:57 Scale Barding Armor
18:57 Gold Mining
21:14 Bow Saw
21:08 Heavy Plow
22:24 Chain Barding Armor
25:00 Forging
24:57 Husbandry
26:07 Wheelbarrow
26:26 Light Cavalry
29:17 Iron Casting
32:47 Imperial Age
31:06 Gold Shaft Mining
34:37 Two-Man Saw
34:11 Crop Rotation
34:19 Plate Barding Armor
33:47 Stone Mining
33:58 Heavy Camel Rider
34:03 Hussar
35:25 Hand Cart
37:10 Chemistry
39:47 Stone Shaft Mining
39:39 Ballistics
39:14 Murder Holes
40:17 Elite Skirmisher
41:03 Thumb Ring
40:52 Fletching
41:02 Padded Archer Armor
40:47 Treadmill Crane
42:06 Conscription
42:21 Logistica
41:32 Elite Cataphract
42:23 Caravan
42:05 Cavalier
43:09 Leather Archer Armor
42:50 Bodkin Arrow
48:07 Capped Ram
48:59 Paladin
51:02 Pikeman
51:42 Squires
51:49 Scale Mail Armor
53:45 Gambesons
55:33 Chain Mail Armor
55:19 Bracer
55:11 Arson
55:11 Halberdier
56:41 Hoardings
60:09 Plate Mail Armor
60:10 Ring Archer Armor
76:59 Fortified Wall
Kaede
5:51 Loom
10:39 Feudal Age
12:23 Wheelbarrow
14:39 Double-Bit Axe
21:52 Castle Age
21:09 Forging
21:05 Scale Barding Armor
23:11 Chain Barding Armor
24:18 Iron Casting
24:20 Scale Mail Armor
23:56 Pikeman
26:06 Husbandry
26:28 Chain Mail Armor
28:16 Bow Saw
33:11 Hand Cart
33:16 Town Watch
38:10 Imperial Age
36:34 Gold Mining
37:11 Ballistics
37:56 Town Patrol
40:39 Cavalier
43:01 Conscription
42:44 Chivalry
42:06 Elite Throwing Axeman
46:51 Chemistry
45:48 Murder Holes
50:48 Caravan
52:03 Paladin
67:10 Plate Barding Armor
68:47 Blast Furnace
71:10 Light Cavalry
Taquito De Pastor
10:34 Feudal Age
10:16 Loom
12:41 Double-Bit Axe
19:22 Castle Age
17:55 Fletching
18:06 Padded Archer Armor
18:33 Horse Collar
18:45 Gold Mining
20:28 Bow Saw
19:42 Crossbowman
21:54 Gold Shaft Mining
22:14 Bodkin Arrow
24:41 Wheelbarrow
28:34 Town Watch
29:08 Hand Cart
33:59 Imperial Age
31:52 Leather Archer Armor
32:50 Town Patrol
33:19 Ballistics
34:15 Arbalester
35:04 Bracer
35:35 Ring Archer Armor
36:23 Chemistry
39:48 Conscription
40:10 Stone Mining
42:38 Two-Man Saw
46:05 Yeomen
45:07 Elite Longbowman
46:43 Light Cavalry
47:28 Husbandry
46:48 Cavalier
49:56 Caravan
Joy el Implacable
3:29 Loom
11:26 Feudal Age
15:28 Castle Age
13:15 Town Watch
13:16 Double-Bit Axe
18:36 Bow Saw
18:15 Horse Collar
20:16 Heavy Plow
23:21 Wheelbarrow
25:59 Hand Cart
26:40 Gold Mining
30:00 Imperial Age
30:13 Gold Shaft Mining
29:28 Stone Mining
29:46 Husbandry
29:57 Bloodlines
29:54 Scale Barding Armor
30:00 Forging
29:41 Fletching
30:09 Elite Steppe Lancer
31:11 Chain Barding Armor
32:52 Iron Casting
34:32 Two-Man Saw
34:29 Crop Rotation
34:25 Masonry
33:57 Treadmill Crane
35:44 Stone Shaft Mining
35:46 Guilds
37:15 Plate Barding Armor
37:41 Blast Furnace
36:36 Bodkin Arrow
36:41 Murder Holes
37:19 Architecture
37:34 Caravan
38:13 Conscription
38:29 Hoardings
38:38 Hoardings
38:12 Fortified Bastions
37:52 Light Cavalry
38:48 Town Patrol
39:18 Ballistics
39:17 Siege Engineers
38:48 Hussar
40:39 Heavy Rocket Cart
42:22 Bracer
44:13 Thunderclap Bombs
46:16 Chemistry
45:37 Ballistics
47:44 Padded Archer Armor
49:30 Coinage
50:11 Leather Archer Armor
52:44 Fortified Wall
53:06 Ring Archer Armor
52:44 Elite Iron Pagoda
55:25 Banking
60:51 Elite Skirmisher
Pokie
11:44 Feudal Age
11:53 Loom
17:57 Castle Age
17:22 Horse Collar
17:29 Double-Bit Axe
19:47 Bow Saw
19:46 Heavy Plow
21:38 Wheelbarrow
25:16 Stone Mining
28:15 Hand Cart
30:33 Gold Mining
31:19 Stone Shaft Mining
35:32 Imperial Age
33:59 Gold Shaft Mining
35:51 Fletching
36:02 Padded Archer Armor
37:20 Caravan
38:26 Elite Mangudai
39:10 Bodkin Arrow
39:30 Leather Archer Armor
40:30 Conscription
41:15 Chemistry
40:25 Bracer
41:04 Town Watch
47:59 Drill
49:26 Ballistics
49:13 Siege Engineers
49:03 Murder Holes
49:19 Fortified Wall
49:19 Masonry
58:54 Husbandry
59:04 Bloodlines
58:18 Elite Steppe Lancer
59:12 Nomads
59:50 Hoardings
58:46 Sappers
70:51 Onager
75:17 Forging
75:13 Scale Barding Armor
76:59 Iron Casting
77:48 Chain Barding Armor
79:42 Blast Furnace
Veni Vidi Avicii 2
5:11 Loom
12:28 Feudal Age
15:02 Horse Collar
15:12 Double-Bit Axe
18:10 Wheelbarrow
20:48 Castle Age
18:46 Town Watch
20:13 Stone Mining
21:39 Heavy Plow
21:50 Bow Saw
22:01 Hand Cart
27:39 Scale Mail Armor
27:50 Forging
28:03 Squires
28:49 Gold Mining
29:44 Pikeman
32:42 Iron Casting
33:10 Gold Shaft Mining
33:34 Town Patrol
33:56 Chain Mail Armor
35:42 Scale Barding Armor
36:15 Coinage
35:46 Caravan
36:30 Fortified Wall
36:16 Murder Holes
38:59 Imperial Age
37:27 Chain Barding Armor
39:04 Ballistics
38:07 Man-at-Arms
38:42 Fletching
39:42 Halberdier
40:58 Plate Mail Armor
41:28 Blast Furnace
40:57 Conscription
40:38 Druzhina
40:55 Long Swordsman
42:08 Elite Skirmisher
44:41 Two-Man Saw
44:04 Light Cavalry
44:55 Bloodlines
44:45 Husbandry
44:54 Hussar
45:28 Sappers
48:07 Cavalier
51:35 Two-Handed Swordsman
52:58 Plate Barding Armor
52:56 Banking
54:18 Champion
58:05 Capped Ram
59:37 Siege Ram
65:02 Siege Engineers
65:58 Chemistry
Clueless Clown
7:04 Loom
9:25 Feudal Age
9:53 Double-Bit Axe
10:00 Horse Collar
18:45 Castle Age
17:05 Gold Mining
19:42 Bow Saw
19:35 Heavy Plow
23:15 Wheelbarrow
22:51 Scale Mail Armor
25:17 Forging
24:57 Fletching
25:33 Hand Cart
27:57 Chain Mail Armor
31:38 Imperial Age
29:36 Forging
31:15 Iron Casting
30:36 Bodkin Arrow
30:34 Gambesons
30:49 Squires
30:34 Arson
30:51 Pikeman
31:59 Elite Varangian Guard
33:02 Conscription
32:33 Elite Hearth Troop
32:40 Elite Hearth Troop
34:12 Plate Mail Armor
33:45 Bracer
35:21 Two-Man Saw
34:07 Shield Wall
36:09 Chemistry
35:30 Ballistics
34:51 Treadmill Crane
35:11 Murder Holes
36:37 Caravan
36:47 Guilds
39:35 Masonry
39:31 Siege Engineers
41:26 Town Watch
45:41 Gold Shaft Mining
69:58 Hoardings
70:10 Town Patrol
75:09 Architecture
76:04 Stone Mining
vibhuyasha
0:36 Loom
12:57 Feudal Age
13:53 Horse Collar
19:46 Castle Age
17:36 Double-Bit Axe
18:41 Scale Barding Armor
18:47 Forging
21:11 Bow Saw
21:19 Bloodlines
21:56 Caravan
23:10 Heavy Plow
26:25 Chain Barding Armor
26:41 Iron Casting
26:14 Husbandry
27:37 Wheelbarrow
27:42 Szlachta Privileges
34:54 Imperial Age
32:45 Hand Cart
34:59 Cavalier
35:05 Cavalier
37:27 Light Cavalry
39:11 Blast Furnace
38:35 Conscription
38:52 Lechitic Legacy
39:54 Crop Rotation
39:44 Winged Hussar
41:33 Town Watch
78:18 Elite Obuch
79:06 Squires
78:51 Arson
79:11 Scale Mail Armor
Connection lost

Rejoining the realm…

Still unreachable

The connection could not be restored.

Session expired

The server has moved on; the page needs a fresh start.